 Dungeon Crawl Stone Soup version 0.17-a0-1840-g87820a2 (webtiles) character file.

39 Kisielow the Poker (level 3, 0/27 HPs)
             Began as a Merfolk Skald on Sept 15, 2015.
             Slain by a gnoll (7 damage)
             ... on level 2 of the Dungeon.
             The game lasted 00:03:00 (1381 turns).

Kisielow the Poker (Merfolk Skald)                  Turns: 1381, Time: 00:03:00

Health: 0/27       AC:  4    Str: 12    XL:     3   Next: 45%
Magic:  1/6        EV: 11    Int: 12    God:
Gold:   109        SH:  0    Dex: 13    Spells: 3 memorised, 0 levels left

rFire  . . .     SeeInvis .     a - +0 spear
rCold  . . .     Clarity  .     b - +0 leather armour
rNeg   . . .     SustAt   .     (no shield)
rPois  .         Gourm    .     (no helmet)
rElec  .         Spirit   .     n - +0 cloak
rCorr  .         Warding  .     (no gloves)
rMut   .         Stasis   .     (no boots)
MR     .....                    (no amulet)
Stlth  +.........               (no ring)
                                (no ring)

@: very slightly contaminated, not resistant to hostile enchantments, very
unstealthy
A: change form in water, swift swim
a: no special abilities


You were on level 2 of the Dungeon.
You were very hungry.

You visited 1 branch of the dungeon, and saw 2 of its levels.

You collected 109 gold pieces.

Inventory:

Hand weapons
 a - a +0 spear (weapon)
Armour
 b - a +0 leather armour (worn)
 n - a +0 cloak (worn)
Scrolls
 f - 3 scrolls of remove curse {unknown}
 i - a scroll of recharging {unknown}
 j - 2 scrolls of identify {unknown}
 o - a scroll of fog {unknown}
 p - a scroll of noise {unknown}
 s - a scroll of teleportation {unknown}
Potions
 e - a potion of heal wounds {unknown}
 g - a potion of agility {unknown}
 l - a potion of flight {unknown}
 q - a potion of ambrosia {unknown}
Books
 c - a book of Battle

   Spells                             Type                      Level
   a - Infusion                       Charms                       1
   b - Shroud of Golubria             Charms/Translocation         2
   c - Song of Slaying                Charms                       2
   d - Spectral Weapon                Hexes/Charms                 3
   e - Regeneration                   Charms/Necromancy            3
Comestibles
 d - a bread ration
 k - a beef jerky
 m - a slice of pizza
 r - a meat ration


   Skills:
 - Level 2.1 Fighting
 + Level 5.5 Polearms
 - Level 0.6 Armour
 - Level 1.3 Dodging
 - Level 2.0 Spellcasting
 - Level 3.2 Charms


You couldn't memorise any spells.
You knew the following spells:

 Your Spells              Type           Power        Failure   Level  Hunger
a - Infusion              Chrm           #.....       12%         1    ##.....
q - Regeneration          Chrm/Necr      #.........   58%         3    ####...
w - Shroud of Golubria    Chrm/Tloc      #.........   28%         2    ###....


Dungeon Overview and Level Annotations

Branches:
Dungeon (2/15)

Altars:


Message History

You are too injured to fight recklessly!
You are too injured to fight recklessly!
You are too injured to fight recklessly!
You are too injured to fight recklessly!
You are too injured to fight recklessly!
You are too injured to fight recklessly!
You are too injured to fight recklessly!
You are too injured to fight recklessly!
You are too injured to fight recklessly!
You are too injured to fight recklessly!
You are too injured to fight recklessly!
You are too injured to fight recklessly!
You are too injured to fight recklessly!
You barely miss the gnoll.
The gnoll is lightly wounded.
The gnoll closely misses you.
You closely miss the gnoll.
The gnoll is lightly wounded.
The gnoll hits you!
You die...

#.............#
.
#.#####....##.#
#. ####.##.# .
####.##.#######
#.....)........
#.##.##.#######
# #.......#
#####g##.####
.....gg@....#
########.##.#
#.# # #.# #.#
#.# #<# ..


You could see 3 gnolls.

Vanquished Creatures
  A gnoll (D:2)
  A giant gecko (D:1)
  2 giant cockroaches
  6 goblins
  5 hobgoblins
  A quokka (D:2)
  A ball python (D:2)
  3 bats
  3 giant newts (D:1)
  A kobold (D:1)
  2 rats (D:1)
26 creatures vanquished.

Notes
Turn   | Place    | Note
--------------------------------------------------------------
     0 | D:1      | Kisielow the Merfolk Skald began the quest for the Orb.
     0 | D:1      | Reached XP level 1. HP: 16/16 MP: 3/3
   293 | D:1      | Reached skill level 4 in Polearms
   293 | D:1      | Reached XP level 2. HP: 19/22 MP: 5/5
   933 | D:2      | Reached skill level 5 in Polearms
   933 | D:2      | Reached XP level 3. HP: 25/27 MP: 6/6
   961 | D:2      | Learned a level 3 spell: Regeneration
   964 | D:2      | Learned a level 2 spell: Shroud of Golubria
  1381 | D:2      | Slain by a gnoll

Vault maps used:
D:1:      ncdulo_lavacross
D:2:      nicolae_gozag_cash_rules_everything_around_me,
          grunt_decor_mini_mirrors

Action                   || total
-------------------------++-------
Melee: Spear             ||   145
 Cast: Infusion          ||     1
       Regeneration      ||     1
  Eat: Chunk             ||     1
